Knights vs Little Stars
Created - 3 mars 2016 at 19:32
Goals
|
| Knights |
3 |
1 |
0 |
0 |
2 |
5 |
| Little Stars |
0 |
3 |
1 |
0 |
1 |
4 |
|
Shots
|
| Knights |
12 |
9 |
8 |
3 |
6 |
32 |
| Little Stars |
6 |
14 |
7 |
2 |
6 |
29 |
|
1st period
1. Knights , Jimmy Hayes 8 (James Wright, Zack Hamill) at 6:10
2. Knights , Chris Thorburn 28 (Jason Chimera, Tyler Seguin) at 6:20
3. Knights , Chris Thorburn 29 (Jason Chimera, Garnet Exelby) at 16:28
Penalties :
Raphael Diaz (Tex) for Roughing (Minor) at 1:42, Jimmy Hayes (Lon) for Holding (Minor) at 10:17
2nd period
4. Little Stars , Ryan Vesce 34 (Justin Faulk, Erik Haula) at 4:23
5. Knights , Chris Thorburn 30 (Jason Chimera, Tyler Seguin) at 10:07
6. Little Stars , Marcus Kruger 27 (Anthony Stewart, Danny DeKeiser) at 11:19
7. Little Stars , Jesse Joensuu 12 (Mathieu Roy, Hugh Jessiman) at 18:15
Penalties :
Cody Bass (Tex) for Hooking (Minor) at 19:00
3rd period
8. Little Stars , Marcus Kruger 28 (Mathieu Roy) at 14:08
Penalties :
Jimmy Hayes (Lon) for Interference (Minor) at 3:49, Michael Raffl (Lon) for Elbowing (Minor) at 6:02, Nicklas Grossman (Lon) for Charging (Minor) at 16:58
Overtime #1
No Goal
Penalties :
No Penalty
Shootout
Penalty Shot by Joe Colborne for Knights - Stopped by Ben Scrivens
Penalty Shot by Anthony Stewart for Little Stars - Shot Misses the Net
Penalty Shot by Tyler Seguin for Knights - Goal!
Penalty Shot by Marcus Kruger for Little Stars - Stopped by Jacob Markstrom
Penalty Shot by Jason Chimera for Knights - Stopped by Ben Scrivens
Penalty Shot by Hugh Jessiman for Little Stars - Goal!
Penalty Shot by James Wright for Knights - Stopped by Ben Scrivens
Penalty Shot by Sean Avery for Little Stars - Stopped by Jacob Markstrom
Penalty Shot by Zack Hamill for Knights - Stopped by Ben Scrivens
Penalty Shot by Marcus Johansson for Little Stars - Stopped by Jacob Markstrom
Penalty Shot by Michael Raffl for Knights - Goal!
Penalty Shot by Alexander Vasyunov for Little Stars - Stopped by Jacob Markstrom
Penalties :
No Penalty
Goalie Stats
Jacob Markstrom (Lon), 25 saves from 29 shots - (0,862), W, 30-20-1, 65:00 minutes
Ben Scrivens (Tex), 18 saves from 18 shots - (1,000), OTL, 5-8-4, 34:53 minutes
Peter Budaj (Tex), 10 saves from 14 shots - (0,714), 30:07 minutes
Players Stats for Knights
Player Name G A P +/- PIM S H SB GA TA FO MP PP MP PK MP
------------------------------------------------------------------------------------
Alex Chiasson 0 0 0 0 0 3 0 1 1 1 0/1 17:54 2:24 0:00
Chris Thorburn 3 0 3 2 0 6 3 0 0 0 1/2 20:59 1:34 3:28
Garnet Exelby 0 1 1 0 0 0 2 5 0 0 0/0 24:56 2:15 2:09
James Wright 0 1 1 -1 0 0 0 0 0 0 5/6 14:54 0:00 2:48
Jason Chimera 0 3 3 2 0 3 2 1 3 0 2/3 21:27 2:24 2:28
Jason Zucker 0 0 0 -1 0 1 0 0 0 0 0/0 10:15 1:34 0:00
Jimmy Hayes 1 0 1 -1 4 4 2 0 0 0 0/0 11:07 0:00 0:00
Joe Colborne 0 0 0 -1 0 1 0 0 2 1 3/4 11:41 0:00 2:28
Kevin Hayes 0 0 0 -1 0 0 2 1 0 0 0/0 7:21 0:00 0:00
Magnus Paajarvi-Svensson 0 0 0 -1 0 0 0 0 0 0 0/0 13:00 0:00 1:33
Michael Raffl 0 0 0 0 2 2 3 1 0 0 2/2 13:28 0:00 0:27
Nicklas Grossman 0 0 0 -1 2 1 0 6 0 0 0/0 14:05 1:43 0:54
Nikita Nikitin 0 0 0 -1 0 3 0 0 0 0 0/0 13:45 1:43 0:54
Niklas Hjalmarsson 0 0 0 1 0 3 0 3 0 1 0/0 28:41 2:15 4:53
Tomas Kundratek 0 0 0 1 0 1 2 1 0 1 0/0 26:19 0:00 4:53
Tyler Seguin 0 2 2 2 0 2 0 0 1 0 15/33 19:31 1:34 0:50
Zack Hamill 0 1 1 0 0 0 2 0 0 0 4/14 20:03 2:24 1:50
Zbynek Michalek 0 0 0 0 0 2 1 1 0 1 0/0 22:34 0:00 2:09
Players Stats for Little Stars
Player Name G A P +/- PIM S H SB GA TA FO MP PP MP PK MP
------------------------------------------------------------------------------------
Alexander Vasyunov 0 0 0 1 0 0 0 0 0 0 0/0 10:12 0:00 0:00
Andrej Nestrasil 0 0 0 0 0 0 0 0 0 0 0/0 1:58 0:55 0:00
Anthony Stewart 0 1 1 -1 0 4 2 0 0 0 7/9 24:50 3:59 2:44
Cody Bass 0 0 0 0 2 1 3 0 0 0 3/10 15:55 2:47 0:00
Conor Allen 0 0 0 1 0 0 0 0 0 1 0/0 10:57 0:39 0:00
Dana Tyrell 0 0 0 0 0 0 0 0 0 1 0/2 8:49 0:00 0:00
Danny DeKeiser 0 1 1 1 0 1 2 0 1 1 0/0 29:26 4:25 2:14
Dennis Everberg 0 0 0 0 0 0 0 1 0 0 0/1 8:49 0:00 0:00
Erik Haula 0 1 1 1 0 0 1 1 0 0 3/6 10:25 0:13 0:00
Hugh Jessiman 0 1 1 0 0 3 0 0 1 0 1/4 18:20 2:47 1:06
Jamie McGinn 0 0 0 0 0 0 1 0 0 0 0/0 8:49 0:00 0:00
Jared Spurgeon 0 0 0 0 0 0 0 0 0 0 0/0 0:00 0:00 0:00
Jesse Joensuu 1 0 1 0 0 3 1 0 0 0 0/1 15:50 2:47 0:00
Justin Faulk 0 1 1 3 0 1 2 3 0 1 0/0 24:33 4:25 2:40
Landon Ferraro 0 0 0 0 0 1 0 1 0 0 0/0 7:38 1:00 0:00
Marcus Johansson 0 0 0 -1 0 1 2 0 0 0 1/1 19:12 3:59 0:06
Marcus Kruger 2 0 2 -1 0 3 3 0 1 0 18/31 25:06 3:52 2:39
Mathieu Roy 0 2 2 -1 0 2 2 4 1 2 0/0 33:02 2:52 2:09
Oscar Lindberg 0 0 0 0 0 0 0 0 0 0 0/0 2:08 0:00 0:41
Petter Granberg 0 0 0 0 0 0 0 0 0 0 0/0 0:34 0:00 0:05
Radko Gudas 0 0 0 0 0 0 0 0 0 0 0/0 3:02 0:39 0:05
Raphael Diaz 0 0 0 -4 2 5 1 2 1 1 0/0 28:54 2:52 0:43
Ryan Vesce 1 0 1 1 0 2 0 0 0 0 0/0 5:40 0:00 0:40
Sean Avery 0 0 0 0 0 0 0 0 0 0 0/0 0:24 0:22 0:00
Zack Kassian 0 0 0 0 0 2 0 0 0 0 0/0 1:27 1:07 0:00
3 Stars
1 - Chris Thorburn (Lon)
2 - Jason Chimera (Lon)
3 - Marcus Kruger (Tex)
Power Play
Knights - 0 on 2 Attempt(s) - 0,00%
Little Stars - 0 on 4 Attempt(s) - 0,00%
Penalty Kill
Knights - 4 on 4 Attempt(s) - 100,00%
- Score 0 goal in Penalty Kill
Little Stars - 2 on 2 Attempt(s) - 100,00%
- Score 0 goal in Penalty Kill
Team Stat
Knights - Hits : 19 - Faceoff Wins : 32 - Blocked Shots : 20 - Penalty Minutes : 8
Little Stars - Hits : 20 - Faceoff Wins : 33 - Blocked Shots : 12 - Penalty Minutes : 4
Official
Referees : McCauley Wes and Watson Brad
Linesman : Mark Shewchyk and Brian Mach
Game Notes
Ryan Vesce is injured at 9:17 of 2nd period (Bruised Left Arm)
Chris Thorburn has scored a Hat Trick!
Ben Scrivens enters game at 10:07 of 2nd period
Finance
Level 1 -- Attendance: 1543 (77,15%) -- Ticket Income 54 005 $
Level 2 -- Attendance: 665 (66,50%) -- Ticket Income 9 975 $
Total Attendance: 2208 (73,60%)
Total Ticket Income: 63 980 $
Other Income: 3 199 $
Total Income: 67 179 $
Knights
5 vs 5 Forward
Center Left Wing Right Wing Time % Phy DF OF
1 Tyler Seguin Jason Chimera Chris Thorburn 40 1 1 3
2 Zack Hamill Michael Raffl Alex Chiasson 30 1 1 3
3 James Wright Magnus Paajarvi-Svensson Jimmy Hayes 20 1 2 2
4 Joe Colborne Jason Zucker Kevin Hayes 10 1 2 2
5 vs 5 Defense
Defense Defense Time % Phy DF OF
1 Tomas Kundratek Niklas Hjalmarsson 40 1 2 2
2 Zbynek Michalek Garnet Exelby 30 1 2 2
3 Nikita Nikitin Nicklas Grossman 20 1 2 2
4 Garnet Exelby Zbynek Michalek 10 1 2 2
PowerPlay Forward
Center Left Wing Right Wing Time % Phy DF OF
1 Zack Hamill Jason Chimera Alex Chiasson 60 0 0 5
2 Tyler Seguin Jason Zucker Chris Thorburn 40 0 0 5
PowerPlay Defense
Defense Defense Time % Phy DF OF
1 Garnet Exelby Niklas Hjalmarsson 60 1 1 3
2 Nicklas Grossman Nikita Nikitin 40 1 1 3
Penalty Kill 4 Players Forward
Center Wing Time % Phy DF OF
1 James Wright Chris Thorburn 60 0 4 1
2 Joe Colborne Jason Chimera 40 0 4 1
Penalty Kill 4 Players Defense
Defense Defense Time % Phy DF OF
1 Tomas Kundratek Niklas Hjalmarsson 60 1 4 0
2 Garnet Exelby Zbynek Michalek 40 1 4 0
Penalty Kill - 3 Players Forward
Forward Time % Phy DF OF
1 James Wright 60 0 4 1
2 Joe Colborne 40 0 4 1
Penalty Kill - 3 Players Defense
Defense Defense Time % Phy DF OF
1 Niklas Hjalmarsson Garnet Exelby 60 1 4 0
2 Tomas Kundratek Zbynek Michalek 40 1 4 0
4 vs 4 Forward
Center Wing Time % Phy DF OF
1 Zack Hamill Alex Chiasson 60 0 1 4
2 Tyler Seguin Chris Thorburn 40 0 1 4
4 vs 4 Defense
Defense Defense Time % Phy DF OF
1 Niklas Hjalmarsson Tomas Kundratek 60 1 2 2
2 Garnet Exelby Zbynek Michalek 40 1 2 2
Last Minutes Offensive
Center Left Wing Right Wing Defense Defense
Zack Hamill Tyler Seguin Chris Thorburn Zbynek Michalek Garnet Exelby
Last Minutes Defensive
Center Left Wing Right Wing Defense Defense
James Wright Jason Chimera Chris Thorburn Zbynek Michalek Garnet Exelby
Goaltenders
Starting : Jacob Markstrom
Backup : Mark Dekanich
Extra Forwards
Normal : Tyler Seguin, Zack Hamill, James Wright - PP : James Wright, Zack Hamill - PK : Zack Hamill
Extra Defensemen
Normal : Garnet Exelby, Nicklas Grossman, Zbynek Michalek - PP : Garnet Exelby - PK : Garnet Exelby, Zbynek Michalek
Penalty Shots
Joe Colborne, Tyler Seguin, Jason Chimera, James Wright, Zack Hamill
Little Stars
5 vs 5 Forward
Center Left Wing Right Wing Time % Phy DF OF
1 Marcus Kruger Marcus Johansson Anthony Stewart 40 1 2 2
2 Cody Bass Jesse Joensuu Hugh Jessiman 30 1 2 2
3 Erik Haula Alexander Vasyunov Ryan Vesce 20 1 2 2
4 Dana Tyrell Jamie McGinn Dennis Everberg 10 1 2 2
5 vs 5 Defense
Defense Defense Time % Phy DF OF
1 Mathieu Roy Raphael Diaz 40 1 2 2
2 Danny DeKeiser Justin Faulk 30 1 2 2
3 Conor Allen Mathieu Roy 20 1 2 2
4 Raphael Diaz Danny DeKeiser 10 1 2 2
PowerPlay Forward
Center Left Wing Right Wing Time % Phy DF OF
1 Marcus Kruger Marcus Johansson Anthony Stewart 60 1 2 2
2 Cody Bass Jesse Joensuu Hugh Jessiman 40 1 2 2
PowerPlay Defense
Defense Defense Time % Phy DF OF
1 Mathieu Roy Raphael Diaz 60 1 2 2
2 Danny DeKeiser Justin Faulk 40 1 2 2
Penalty Kill 4 Players Forward
Center Wing Time % Phy DF OF
1 Anthony Stewart Marcus Kruger 60 1 2 2
2 Hugh Jessiman Ryan Vesce 40 1 2 2
Penalty Kill 4 Players Defense
Defense Defense Time % Phy DF OF
1 Mathieu Roy Raphael Diaz 60 1 2 2
2 Danny DeKeiser Justin Faulk 40 1 2 2
Penalty Kill - 3 Players Forward
Forward Time % Phy DF OF
1 Anthony Stewart 60 1 2 2
2 Marcus Kruger 40 1 2 2
Penalty Kill - 3 Players Defense
Defense Defense Time % Phy DF OF
1 Mathieu Roy Raphael Diaz 60 1 2 2
2 Danny DeKeiser Justin Faulk 40 1 2 2
4 vs 4 Forward
Center Wing Time % Phy DF OF
1 Anthony Stewart Marcus Kruger 60 1 2 2
2 Hugh Jessiman Ryan Vesce 40 1 2 2
4 vs 4 Defense
Defense Defense Time % Phy DF OF
1 Mathieu Roy Raphael Diaz 60 1 2 2
2 Danny DeKeiser Justin Faulk 40 1 2 2
Last Minutes Offensive
Center Left Wing Right Wing Defense Defense
Marcus Kruger Marcus Johansson Anthony Stewart Mathieu Roy Raphael Diaz
Last Minutes Defensive
Center Left Wing Right Wing Defense Defense
Marcus Kruger Marcus Johansson Anthony Stewart Mathieu Roy Raphael Diaz
Goaltenders
Starting : Peter Budaj
Backup : Ben Scrivens
Extra Forwards
Normal : Landon Ferraro, Andrej Nestrasil, Oscar Lindberg - PP : Landon Ferraro, Andrej Nestrasil - PK : Oscar Lindberg
Extra Defensemen
Normal : Conor Allen, Justin Faulk, Mathieu Roy - PP : Conor Allen - PK : Justin Faulk, Mathieu Roy
Penalty Shots
Anthony Stewart, Marcus Kruger, Hugh Jessiman, Ryan Vesce, Marcus Johansson
% Time on Ice - Knights
Lines # - Real PCT - Wanted PCT - Time Play
Normal Forward
1 - 32% - 40% - 15:14
2 - 30% - 30% - 14:38
3 - 23% - 20% - 10:53
4 - 15% - 10% - 7:21
Normal Defense
1 - 38% - 40% - 18:23
2 - 32% - 30% - 15:27
3 - 22% - 20% - 10:45
4 - 7% - 10% - 3:31
PP Forward
1 - 61% - 60% - 2:24
2 - 39% - 40% - 1:34
PP Defense
1 - 57% - 60% - 2:15
2 - 43% - 40% - 1:43
PK Forward
1 - 69% - 60% - 5:28
2 - 31% - 40% - 2:28
PK Defense
1 - 73% - 60% - 5:47
2 - 27% - 40% - 2:09
PK3 Forward
1 - 0% - 60%
2 - 0% - 40%
PK3 Defense
1 - 0% - 60%
2 - 0% - 40%
44 Forward
1 - 74% - 60% - 3:43
2 - 26% - 40% - 1:17
44 Defense
1 - 63% - 60% - 3:10
2 - 37% - 40% - 1:50
Last Minute Offensive - 0:00
Last Minute Defensive - 0:00
Total
Forward - 65:00
Defense - 65:00
|
% Time on Ice - Little Stars
Lines # - Real PCT - Wanted PCT - Time Play
Normal Forward
1 - 33% - 40% - 16:02
2 - 27% - 30% - 13:03
3 - 21% - 20% - 10:12
4 - 18% - 10% - 8:49
Normal Defense
1 - 38% - 40% - 18:07
2 - 32% - 30% - 15:34
3 - 21% - 20% - 10:04
4 - 9% - 10% - 4:21
PP Forward
1 - 65% - 60% - 5:09
2 - 35% - 40% - 2:47
PP Defense
1 - 41% - 60% - 3:17
2 - 59% - 40% - 4:39
PK Forward
1 - 72% - 60% - 2:52
2 - 28% - 40% - 1:06
PK Defense
1 - 56% - 60% - 2:14
2 - 44% - 40% - 1:44
PK3 Forward
1 - 0% - 60%
2 - 0% - 40%
PK3 Defense
1 - 0% - 60%
2 - 0% - 40%
44 Forward
1 - 72% - 60% - 3:36
2 - 28% - 40% - 1:24
44 Defense
1 - 61% - 60% - 3:04
2 - 39% - 40% - 1:56
Last Minute Offensive - 0:00
Last Minute Defensive - 0:00
Total
Forward - 65:00
Defense - 65:00
|
Play by Play
1st period
0:01 of 1st period - Tyler Seguin wins face-off versus Marcus Kruger in neutral zone.
0:04 of 1st period - Marcus Johansson is hit by Chris Thorburn and loses puck.
1:07 of 1st period - Mathieu Roy is hit by Kevin Hayes and loses puck.
1:34 of 1st period - Slapshot by Chris Thorburn.
1:34 of 1st period - Shot Misses the Net.
1:36 of 1st period - Slapshot by Niklas Hjalmarsson.
1:36 of 1st period - Shot Misses the Net.
1:42 of 1st period - Minor Penalty to Raphael Diaz for Roughing.
1:43 of 1st period - Zack Hamill wins face-off versus Anthony Stewart in Little Stars zone.
1:50 of 1st period - Wrist shot by Zack Hamill.
1:50 of 1st period - Shot Misses the Net.
1:52 of 1st period - Slapshot by Nikita Nikitin.
1:52 of 1st period - Deflect By Jason Chimera.
1:52 of 1st period - Shot Misses the Net.
1:52 of 1st period - Puck is out of play.
1:53 of 1st period - Anthony Stewart wins face-off versus Zack Hamill in Little Stars zone.
2:02 of 1st period - Mathieu Roy is hit by Zack Hamill.
2:10 of 1st period - Wrist shot by Zack Hamill.
2:10 of 1st period - Shot Misses the Net.
2:14 of 1st period - Wrist shot by Zack Hamill.
2:14 of 1st period - Shot Misses the Net.
2:26 of 1st period - Snap shot by Zack Hamill.
2:26 of 1st period - Shot Misses the Net.
2:28 of 1st period - Slapshot by Nikita Nikitin.
2:28 of 1st period - Stopped by Peter Budaj with a rebound.
2:30 of 1st period - Slapshot by Nikita Nikitin.
2:30 of 1st period - Shot Misses the Net.
2:32 of 1st period - Snap shot by Nikita Nikitin.
2:32 of 1st period - Stopped by Peter Budaj without a rebound.
2:33 of 1st period - Tyler Seguin wins face-off versus Hugh Jessiman in Little Stars zone.
3:42 of 1st period - Penalty to Raphael Diaz is over, Raphael Diaz is back on ice.
4:04 of 1st period - Snap shot by Marcus Kruger.
4:04 of 1st period - Shot Misses the Net.
4:17 of 1st period - Off-side.
4:18 of 1st period - Joe Colborne wins face-off versus Dana Tyrell in neutral zone.
4:44 of 1st period - Wrist shot by Jason Zucker.
4:44 of 1st period - Shot Misses the Net.
4:46 of 1st period - Snap shot by Kevin Hayes.
4:46 of 1st period - Shot Misses the Net.
4:48 of 1st period - Slapshot by Kevin Hayes.
4:48 of 1st period - Shot Blocked by Mathieu Roy.
4:50 of 1st period - Wrist shot by Kevin Hayes.
4:50 of 1st period - Shot Blocked by Mathieu Roy.
5:18 of 1st period - Slapshot by Jason Zucker.
5:18 of 1st period - Stopped by Peter Budaj without a rebound.
5:19 of 1st period - Tyler Seguin wins face-off versus Cody Bass in Little Stars zone.
5:54 of 1st period - Snap shot by Alexander Vasyunov.
5:54 of 1st period - Shot Misses the Net.
6:10 of 1st period - Snap shot by James Wright.
6:10 of 1st period - Deflect By Jimmy Hayes.
6:10 of 1st period - Goal by Jimmy Hayes - Knights : 1 - Little Stars : 0.
6:11 of 1st period - Tyler Seguin wins face-off versus Cody Bass in neutral zone.
6:20 of 1st period - Snap shot by Chris Thorburn.
6:20 of 1st period - Goal by Chris Thorburn - Knights : 2 - Little Stars : 0.
6:21 of 1st period - Marcus Kruger wins face-off versus Tyler Seguin in neutral zone.
6:36 of 1st period - Slapshot by Marcus Kruger.
6:36 of 1st period - Shot Blocked by Zbynek Michalek.
7:14 of 1st period - Snap shot by Magnus Paajarvi-Svensson.
7:14 of 1st period - Shot Misses the Net.
7:17 of 1st period - Icing by Ryan Vesce.
7:18 of 1st period - Jason Chimera wins face-off versus Erik Haula in Little Stars zone.
7:43 of 1st period - Michael Raffl is hit by Marcus Johansson and loses puck.
7:50 of 1st period - Wrist shot by Marcus Kruger.
7:50 of 1st period - Shot Blocked by Nicklas Grossman.
7:52 of 1st period - Backhand shot by Marcus Kruger.
7:52 of 1st period - Shot Misses the Net.
7:54 of 1st period - Snap shot by Marcus Kruger.
7:54 of 1st period - Shot Blocked by Nicklas Grossman.
8:06 of 1st period - Snap shot by Hugh Jessiman.
8:06 of 1st period - Stopped by Jacob Markstrom without a rebound.
8:07 of 1st period - James Wright wins face-off versus Jesse Joensuu in Knights zone.
9:32 of 1st period - Wrist shot by Hugh Jessiman.
9:32 of 1st period - Stopped by Jacob Markstrom with a rebound.
9:50 of 1st period - Snap shot by Hugh Jessiman.
9:50 of 1st period - Shot Blocked by Garnet Exelby.
9:52 of 1st period - Slapshot by Mathieu Roy.
9:52 of 1st period - Shot Misses the Net.
10:09 of 1st period - Raphael Diaz is hit by Zbynek Michalek and loses puck.
10:17 of 1st period - Minor Penalty to Jimmy Hayes for Holding.
10:18 of 1st period - Joe Colborne wins face-off versus Marcus Kruger in Knights zone.
10:28 of 1st period - Snap shot by Anthony Stewart.
10:28 of 1st period - Shot Misses the Net.
12:17 of 1st period - Penalty to Jimmy Hayes is over, Jimmy Hayes is back on ice.
12:25 of 1st period - Ryan Vesce is hit by Tomas Kundratek and loses puck.
12:58 of 1st period - Radko Gudas is hit by Zack Hamill and loses puck.
13:25 of 1st period - Icing by Dana Tyrell.
13:26 of 1st period - Joe Colborne wins face-off versus Dana Tyrell in Little Stars zone.
13:33 of 1st period - Slapshot by Jason Zucker.
13:33 of 1st period - Shot Misses the Net.
13:49 of 1st period - Conor Allen is hit by Kevin Hayes and loses puck.
14:36 of 1st period - Nikita Nikitin is hit by Justin Faulk and loses puck.
14:56 of 1st period - Slapshot by Dana Tyrell.
14:56 of 1st period - Shot Blocked by Nicklas Grossman.
14:58 of 1st period - Snap shot by Jamie McGinn.
14:58 of 1st period - Shot Blocked by Nicklas Grossman.
15:04 of 1st period - Wrist shot by Joe Colborne.
15:04 of 1st period - Stopped by Peter Budaj without a rebound.
15:05 of 1st period - Marcus Kruger wins face-off versus Tyler Seguin in Little Stars zone.
15:05 of 1st period - Marcus Kruger is hit by Chris Thorburn.
15:15 of 1st period - Off-side.
15:16 of 1st period - Tyler Seguin wins face-off versus Marcus Kruger in neutral zone.
15:41 of 1st period - Niklas Hjalmarsson is hit by Mathieu Roy and loses puck.
16:28 of 1st period - Slapshot by Chris Thorburn.
16:28 of 1st period - Goal by Chris Thorburn - Knights : 3 - Little Stars : 0.
16:29 of 1st period - Tyler Seguin wins face-off versus Marcus Kruger in neutral zone.
17:11 of 1st period - Slapshot by Michael Raffl.
17:11 of 1st period - Stopped by Peter Budaj with a rebound.
17:23 of 1st period - Wrist shot by Jimmy Hayes.
17:23 of 1st period - Stopped by Peter Budaj with a rebound.
17:27 of 1st period - Wrist shot by Jimmy Hayes.
17:27 of 1st period - Stopped by Peter Budaj without a rebound.
17:28 of 1st period - Jason Chimera wins face-off versus Marcus Kruger in Little Stars zone.
17:31 of 1st period - Slapshot by Chris Thorburn.
17:31 of 1st period - Deflect By Mathieu Roy.
17:31 of 1st period - Shot Misses the Net.
17:31 of 1st period - Puck is out of play.
17:32 of 1st period - Marcus Kruger wins face-off versus Tyler Seguin in Little Stars zone.
17:43 of 1st period - Snap shot by Jason Chimera.
17:43 of 1st period - Shot Misses the Net.
17:45 of 1st period - Slapshot by Tomas Kundratek.
17:45 of 1st period - Stopped by Peter Budaj without a rebound.
17:46 of 1st period - Michael Raffl wins face-off versus Marcus Kruger in Little Stars zone.
18:28 of 1st period - Wrist shot by Marcus Johansson.
18:28 of 1st period - Shot Misses the Net.
18:30 of 1st period - Slapshot by Raphael Diaz.
18:30 of 1st period - Stopped by Jacob Markstrom with a rebound.
18:32 of 1st period - Wrist shot by Anthony Stewart.
18:32 of 1st period - Stopped by Jacob Markstrom with a rebound.
18:34 of 1st period - Wrist shot by Anthony Stewart.
18:34 of 1st period - Stopped by Jacob Markstrom without a rebound.
18:35 of 1st period - Cody Bass wins face-off versus Zack Hamill in Knights zone.
18:50 of 1st period - Snap shot by Hugh Jessiman.
18:50 of 1st period - Deflect By Jesse Joensuu.
18:50 of 1st period - Stopped by Jacob Markstrom with a rebound.
19:13 of 1st period - Snap shot by Alex Chiasson.
19:13 of 1st period - Stopped by Peter Budaj with a rebound.
19:15 of 1st period - Slapshot by Zack Hamill.
19:15 of 1st period - Deflect By Michael Raffl.
19:15 of 1st period - Shot Blocked by Justin Faulk.
19:15 of 1st period - Puck is out of play.
19:16 of 1st period - Tyler Seguin wins face-off versus Erik Haula in Little Stars zone.
Goals for this period are 3 for Knights vs 0 for Little Stars.
Shots for this period are 12 for Knights vs 6 for Little Stars.
2nd period
0:01 of 2nd period - Marcus Kruger wins face-off versus Tyler Seguin in neutral zone.
0:06 of 2nd period - Snap shot by Marcus Kruger.
0:06 of 2nd period - Stopped by Jacob Markstrom with a rebound.
0:08 of 2nd period - Snap shot by Marcus Johansson.
0:08 of 2nd period - Shot Blocked by Niklas Hjalmarsson.
0:10 of 2nd period - Slapshot by Danny DeKeiser.
0:10 of 2nd period - Deflect By Anthony Stewart.
0:10 of 2nd period - Shot Blocked by Niklas Hjalmarsson.
0:10 of 2nd period - Puck is out of play.
0:11 of 2nd period - Tyler Seguin wins face-off versus Marcus Kruger in Knights zone.
0:37 of 2nd period - Danny DeKeiser is hit by Michael Raffl and loses puck.
1:03 of 2nd period - Icing by Michael Raffl.
1:04 of 2nd period - Zack Hamill wins face-off versus Dennis Everberg in Knights zone.
1:26 of 2nd period - Snap shot by Mathieu Roy.
1:26 of 2nd period - Shot Misses the Net.
1:34 of 2nd period - Backhand shot by Danny DeKeiser.
1:34 of 2nd period - Shot Blocked by Garnet Exelby.
1:48 of 2nd period - Slapshot by Mathieu Roy.
1:48 of 2nd period - Shot Misses the Net.
2:05 of 2nd period - Garnet Exelby is hit by Jamie McGinn and loses puck.
2:12 of 2nd period - Slapshot by Mathieu Roy.
2:12 of 2nd period - Shot Misses the Net.
2:17 of 2nd period - Off-side.
2:18 of 2nd period - Marcus Kruger wins face-off versus Tyler Seguin in neutral zone.
2:43 of 2nd period - Tomas Kundratek is hit by Justin Faulk and loses puck.
3:08 of 2nd period - Slapshot by Ryan Vesce.
3:08 of 2nd period - Stopped by Jacob Markstrom with a rebound.
3:10 of 2nd period - Slapshot by Danny DeKeiser.
3:10 of 2nd period - Stopped by Jacob Markstrom without a rebound.
3:11 of 2nd period - Marcus Kruger wins face-off versus Tyler Seguin in Knights zone.
3:18 of 2nd period - Mathieu Roy is hit by Jason Chimera and loses puck.
4:03 of 2nd period - Slapshot by Raphael Diaz.
4:03 of 2nd period - Deflect By Erik Haula.
4:03 of 2nd period - Shot Misses the Net.
4:03 of 2nd period - Puck is out of play.
4:04 of 2nd period - Erik Haula wins face-off versus Jason Chimera in Knights zone.
4:23 of 2nd period - Snap shot by Ryan Vesce.
4:23 of 2nd period - Goal by Ryan Vesce - Knights : 3 - Little Stars : 1.
4:24 of 2nd period - Marcus Kruger wins face-off versus Tyler Seguin in neutral zone.
4:27 of 2nd period - Slapshot by Raphael Diaz.
4:27 of 2nd period - Shot Misses the Net.
4:37 of 2nd period - Mathieu Roy is hit by Jason Chimera.
5:04 of 2nd period - Snap shot by Jason Chimera.
5:04 of 2nd period - Shot Hit the Post.
5:25 of 2nd period - Snap shot by Jesse Joensuu.
5:25 of 2nd period - Shot Blocked by Michael Raffl.
6:03 of 2nd period - Off-side.
6:04 of 2nd period - Erik Haula wins face-off versus Joe Colborne in neutral zone.
6:14 of 2nd period - Slapshot by Niklas Hjalmarsson.
6:14 of 2nd period - Shot Blocked by Erik Haula.
6:59 of 2nd period - Slapshot by Hugh Jessiman.
6:59 of 2nd period - Stopped by Jacob Markstrom with a rebound.
8:00 of 2nd period - Wrist shot by Marcus Johansson.
8:00 of 2nd period - Shot Misses the Net.
8:20 of 2nd period - Snap shot by Cody Bass.
8:20 of 2nd period - Stopped by Jacob Markstrom without a rebound.
8:21 of 2nd period - Cody Bass wins face-off versus Tyler Seguin in Knights zone.
8:24 of 2nd period - Slapshot by Jesse Joensuu.
8:24 of 2nd period - Stopped by Jacob Markstrom with a rebound.
8:34 of 2nd period - Wrist shot by Chris Thorburn.
8:34 of 2nd period - Shot Misses the Net.
8:48 of 2nd period - Marcus Johansson is hit by Michael Raffl and loses puck.
9:16 of 2nd period - Ryan Vesce is hit by Jimmy Hayes.
9:17 of 2nd period - Ryan Vesce from Little Stars is injured at 9:17 of 2nd period (Bruised Left Arm).
9:18 of 2nd period - Marcus Kruger wins face-off versus Tyler Seguin in Little Stars zone.
9:27 of 2nd period - Wrist shot by Niklas Hjalmarsson.
9:27 of 2nd period - Stopped by Peter Budaj without a rebound.
9:28 of 2nd period - Marcus Kruger wins face-off versus Tyler Seguin in Little Stars zone.
10:07 of 2nd period - Snap shot by Chris Thorburn.
10:07 of 2nd period - Goal by Chris Thorburn - Knights : 4 - Little Stars : 1.
10:07 of 2nd period - Ben Scrivens enters game.
10:08 of 2nd period - Zack Hamill wins face-off versus Cody Bass in neutral zone.
10:15 of 2nd period - Wrist shot by Niklas Hjalmarsson.
10:15 of 2nd period - Stopped by Ben Scrivens with a rebound.
10:17 of 2nd period - Slapshot by Niklas Hjalmarsson.
10:17 of 2nd period - Stopped by Ben Scrivens with a rebound.
10:19 of 2nd period - Wrist shot by Michael Raffl.
10:19 of 2nd period - Stopped by Ben Scrivens with a rebound.
10:21 of 2nd period - Snap shot by Alex Chiasson.
10:21 of 2nd period - Stopped by Ben Scrivens without a rebound.
10:22 of 2nd period - Marcus Kruger wins face-off versus Chris Thorburn in Little Stars zone.
10:29 of 2nd period - Snap shot by Anthony Stewart.
10:29 of 2nd period - Shot Misses the Net.
10:33 of 2nd period - Wrist shot by Marcus Johansson.
10:33 of 2nd period - Shot Blocked by Tomas Kundratek.
10:35 of 2nd period - Slapshot by Mathieu Roy.
10:35 of 2nd period - Stopped by Jacob Markstrom without a rebound.
10:36 of 2nd period - Marcus Kruger wins face-off versus Tyler Seguin in Knights zone.
11:19 of 2nd period - Wrist shot by Marcus Kruger.
11:19 of 2nd period - Goal by Marcus Kruger - Knights : 4 - Little Stars : 2.
11:20 of 2nd period - Tyler Seguin wins face-off versus Cody Bass in neutral zone.
11:35 of 2nd period - Garnet Exelby is hit by Cody Bass and loses puck.
11:46 of 2nd period - Garnet Exelby is hit by Danny DeKeiser and loses puck.
11:59 of 2nd period - Snap shot by Chris Thorburn.
11:59 of 2nd period - Stopped by Ben Scrivens without a rebound.
12:00 of 2nd period - Michael Raffl wins face-off versus Marcus Kruger in Little Stars zone.
12:40 of 2nd period - Wrist shot by Cody Bass.
12:40 of 2nd period - Shot Misses the Net.
12:55 of 2nd period - Slapshot by Alexander Vasyunov.
12:55 of 2nd period - Shot Blocked by Nicklas Grossman.
12:57 of 2nd period - Slapshot by Raphael Diaz.
12:57 of 2nd period - Stopped by Jacob Markstrom with a rebound.
12:59 of 2nd period - Slapshot by Raphael Diaz.
12:59 of 2nd period - Stopped by Jacob Markstrom without a rebound.
13:00 of 2nd period - Marcus Kruger wins face-off versus Tyler Seguin in Knights zone.
13:33 of 2nd period - Slapshot by Raphael Diaz.
13:33 of 2nd period - Shot Blocked by Garnet Exelby.
13:35 of 2nd period - Slapshot by Cody Bass.
13:35 of 2nd period - Shot Misses the Net.
13:37 of 2nd period - Slapshot by Danny DeKeiser.
13:37 of 2nd period - Shot Misses the Net.
14:13 of 2nd period - Snap shot by Jason Zucker.
14:13 of 2nd period - Shot Misses the Net.
14:15 of 2nd period - Snap shot by Garnet Exelby.
14:15 of 2nd period - Shot Blocked by Dennis Everberg.
14:37 of 2nd period - Wrist shot by Anthony Stewart.
14:37 of 2nd period - Stopped by Jacob Markstrom without a rebound.
14:38 of 2nd period - Marcus Johansson wins face-off versus Zack Hamill in Knights zone.
14:41 of 2nd period - Wrist shot by Marcus Kruger.
14:41 of 2nd period - Shot Misses the Net.
15:35 of 2nd period - Backhand shot by Raphael Diaz.
15:35 of 2nd period - Deflect By Alexander Vasyunov.
15:35 of 2nd period - Shot Misses the Net.
15:35 of 2nd period - Puck is out of play.
15:36 of 2nd period - Marcus Kruger wins face-off versus Alex Chiasson in Knights zone.
16:09 of 2nd period - Snap shot by Chris Thorburn.
16:09 of 2nd period - Shot Blocked by Mathieu Roy.
16:11 of 2nd period - Snap shot by Chris Thorburn.
16:11 of 2nd period - Shot Misses the Net.
16:21 of 2nd period - Slapshot by Mathieu Roy.
16:21 of 2nd period - Stopped by Jacob Markstrom with a rebound.
16:47 of 2nd period - Slapshot by Raphael Diaz.
16:47 of 2nd period - Shot Blocked by Kevin Hayes.
16:49 of 2nd period - Snap shot by Dennis Everberg.
16:49 of 2nd period - Shot Misses the Net.
16:51 of 2nd period - Slapshot by Raphael Diaz.
16:51 of 2nd period - Shot Blocked by Garnet Exelby.
17:14 of 2nd period - Icing by Marcus Kruger.
17:15 of 2nd period - Tyler Seguin wins face-off versus Marcus Kruger in Little Stars zone.
17:37 of 2nd period - Icing by Danny DeKeiser.
17:38 of 2nd period - Marcus Kruger wins face-off versus Zack Hamill in Little Stars zone.
18:11 of 2nd period - Snap shot by Jesse Joensuu.
18:11 of 2nd period - Shot Misses the Net.
18:13 of 2nd period - Slapshot by Mathieu Roy.
18:13 of 2nd period - Shot Misses the Net.
18:15 of 2nd period - Wrist shot by Jesse Joensuu.
18:15 of 2nd period - Goal by Jesse Joensuu - Knights : 4 - Little Stars : 3.
18:16 of 2nd period - Tyler Seguin wins face-off versus Marcus Kruger in neutral zone.
18:25 of 2nd period - Slapshot by Jason Chimera.
18:25 of 2nd period - Stopped by Ben Scrivens with a rebound.
19:00 of 2nd period - Minor Penalty to Cody Bass for Hooking.
19:01 of 2nd period - Anthony Stewart wins face-off versus Zack Hamill in Little Stars zone.
19:30 of 2nd period - Slapshot by Niklas Hjalmarsson.
19:30 of 2nd period - Shot Misses the Net.
19:32 of 2nd period - Slapshot by Chris Thorburn.
19:32 of 2nd period - Shot Misses the Net.
19:34 of 2nd period - Slapshot by Tyler Seguin.
19:34 of 2nd period - Stopped by Ben Scrivens with a rebound.
Goals for this period are 1 for Knights vs 3 for Little Stars.
Shots for this period are 9 for Knights vs 14 for Little Stars.
3rd period
0:01 of 3rd period - Anthony Stewart wins face-off versus Zack Hamill in neutral zone.
0:16 of 3rd period - Garnet Exelby is hit by Anthony Stewart and loses puck.
1:00 of 3rd period - Penalty to Cody Bass is over, Cody Bass is back on ice.
1:11 of 3rd period - Slapshot by Mathieu Roy.
1:11 of 3rd period - Shot Misses the Net.
2:24 of 3rd period - Off-side.
2:25 of 3rd period - James Wright wins face-off versus Cody Bass in neutral zone.
2:51 of 3rd period - Snap shot by Jimmy Hayes.
2:51 of 3rd period - Shot Misses the Net.
2:53 of 3rd period - Slapshot by Zbynek Michalek.
2:53 of 3rd period - Stopped by Ben Scrivens with a rebound.
2:55 of 3rd period - Wrist shot by Jimmy Hayes.
2:55 of 3rd period - Stopped by Ben Scrivens with a rebound.
2:57 of 3rd period - Slapshot by Zbynek Michalek.
2:57 of 3rd period - Stopped by Ben Scrivens without a rebound.
2:58 of 3rd period - Marcus Kruger wins face-off versus Tyler Seguin in Little Stars zone.
3:13 of 3rd period - Wrist shot by Marcus Kruger.
3:13 of 3rd period - Deflect By Marcus Johansson.
3:13 of 3rd period - Stopped by Jacob Markstrom without a rebound.
3:14 of 3rd period - Erik Haula wins face-off versus Zack Hamill in Knights zone.
3:15 of 3rd period - Slapshot by Justin Faulk.
3:15 of 3rd period - Stopped by Jacob Markstrom with a rebound.
3:39 of 3rd period - Danny DeKeiser is hit by Jimmy Hayes and loses puck.
3:49 of 3rd period - Minor Penalty to Jimmy Hayes for Interference.
3:50 of 3rd period - James Wright wins face-off versus Marcus Kruger in Knights zone.
4:04 of 3rd period - Snap shot by Anthony Stewart.
4:04 of 3rd period - Stopped by Jacob Markstrom with a rebound.
4:06 of 3rd period - Snap shot by Anthony Stewart.
4:06 of 3rd period - Shot Misses the Net.
4:26 of 3rd period - Wrist shot by Jesse Joensuu.
4:26 of 3rd period - Shot Misses the Net.
5:10 of 3rd period - Zack Hamill is hit by Cody Bass and loses puck.
5:49 of 3rd period - Penalty to Jimmy Hayes is over, Jimmy Hayes is back on ice.
6:02 of 3rd period - Minor Penalty to Michael Raffl for Elbowing.
6:03 of 3rd period - Chris Thorburn wins face-off versus Cody Bass in Knights zone.
8:02 of 3rd period - Penalty to Michael Raffl is over, Michael Raffl is back on ice.
8:20 of 3rd period - Jason Chimera is hit by Raphael Diaz and loses puck.
8:29 of 3rd period - Slapshot by Nikita Nikitin.
8:29 of 3rd period - Stopped by Ben Scrivens with a rebound.
8:31 of 3rd period - Snap shot by Jason Chimera.
8:31 of 3rd period - Shot Blocked by Raphael Diaz.
8:33 of 3rd period - Slapshot by Michael Raffl.
8:33 of 3rd period - Shot Misses the Net.
8:35 of 3rd period - Wrist shot by Jason Chimera.
8:35 of 3rd period - Stopped by Ben Scrivens with a rebound.
8:37 of 3rd period - Slapshot by Nicklas Grossman.
8:37 of 3rd period - Shot Misses the Net.
8:39 of 3rd period - Slapshot by Nikita Nikitin.
8:39 of 3rd period - Shot Blocked by Mathieu Roy.
8:55 of 3rd period - Raphael Diaz is hit by Michael Raffl and loses puck.
9:19 of 3rd period - Danny DeKeiser is hit by Tomas Kundratek and loses puck.
9:26 of 3rd period - Snap shot by Joe Colborne.
9:26 of 3rd period - Shot Blocked by Justin Faulk.
9:46 of 3rd period - Snap shot by Dana Tyrell.
9:46 of 3rd period - Shot Blocked by Garnet Exelby.
10:04 of 3rd period - Snap shot by Jason Chimera.
10:04 of 3rd period - Stopped by Ben Scrivens without a rebound.
10:05 of 3rd period - Marcus Kruger wins face-off versus James Wright in Little Stars zone.
10:09 of 3rd period - Icing by Anthony Stewart.
10:10 of 3rd period - James Wright wins face-off versus Marcus Kruger in Little Stars zone.
10:13 of 3rd period - Slapshot by Jimmy Hayes.
10:13 of 3rd period - Shot Blocked by Justin Faulk.
10:19 of 3rd period - James Wright is hit by Anthony Stewart and loses puck.
10:44 of 3rd period - Tomas Kundratek is hit by Danny DeKeiser and loses puck.
12:01 of 3rd period - Wrist shot by Landon Ferraro.
12:01 of 3rd period - Shot Misses the Net.
12:08 of 3rd period - Icing by Nikita Nikitin.
12:09 of 3rd period - Marcus Kruger wins face-off versus Zack Hamill in Knights zone.
12:14 of 3rd period - Wrist shot by Marcus Kruger.
12:14 of 3rd period - Shot Misses the Net.
12:16 of 3rd period - Slapshot by Raphael Diaz.
12:16 of 3rd period - Shot Blocked by Nicklas Grossman.
12:18 of 3rd period - Slapshot by Marcus Johansson.
12:18 of 3rd period - Shot Misses the Net.
12:34 of 3rd period - Wrist shot by Alex Chiasson.
12:34 of 3rd period - Shot Misses the Net.
12:44 of 3rd period - Wrist shot by Alex Chiasson.
12:44 of 3rd period - Stopped by Ben Scrivens with a rebound.
12:58 of 3rd period - Slapshot by Justin Faulk.
12:58 of 3rd period - Shot Misses the Net.
13:07 of 3rd period - Off-side.
13:08 of 3rd period - Marcus Kruger wins face-off versus Tyler Seguin in neutral zone.
13:11 of 3rd period - Jason Chimera is hit by Marcus Kruger and loses puck.
13:20 of 3rd period - Chris Thorburn is hit by Marcus Kruger and loses puck.
13:56 of 3rd period - Wrist shot by Marcus Johansson.
13:56 of 3rd period - Shot Blocked by Alex Chiasson.
14:08 of 3rd period - Snap shot by Marcus Kruger.
14:08 of 3rd period - Goal by Marcus Kruger - Knights : 4 - Little Stars : 4.
14:09 of 3rd period - Tyler Seguin wins face-off versus Cody Bass in neutral zone.
14:22 of 3rd period - Slapshot by Raphael Diaz.
14:22 of 3rd period - Deflect By Hugh Jessiman.
14:22 of 3rd period - Shot Blocked by Jason Chimera.
14:22 of 3rd period - Puck is out of play.
14:23 of 3rd period - Cody Bass wins face-off versus Tyler Seguin in Knights zone.
15:43 of 3rd period - Dennis Everberg is hit by Garnet Exelby and loses puck.
16:08 of 3rd period - Niklas Hjalmarsson is hit by Erik Haula and loses puck.
16:58 of 3rd period - Minor Penalty to Nicklas Grossman for Charging.
16:59 of 3rd period - James Wright wins face-off versus Marcus Kruger in Knights zone.
17:09 of 3rd period - Tomas Kundratek is hit by Mathieu Roy and loses puck.
17:38 of 3rd period - Tomas Kundratek is hit by Jesse Joensuu and loses puck.
18:31 of 3rd period - Jason Chimera is hit by Cody Bass and loses puck.
18:58 of 3rd period - Penalty to Nicklas Grossman is over, Nicklas Grossman is back on ice.
19:02 of 3rd period - Wrist shot by Zack Kassian.
19:02 of 3rd period - Stopped by Jacob Markstrom with a rebound.
19:06 of 3rd period - Snap shot by Zack Kassian.
19:06 of 3rd period - Shot Misses the Net.
19:10 of 3rd period - Wrist shot by Zack Kassian.
19:10 of 3rd period - Stopped by Jacob Markstrom with a rebound.
19:12 of 3rd period - Wrist shot by Landon Ferraro.
19:12 of 3rd period - Stopped by Jacob Markstrom with a rebound.
19:22 of 3rd period - Snap shot by Nicklas Grossman.
19:22 of 3rd period - Stopped by Ben Scrivens without a rebound.
19:23 of 3rd period - Tyler Seguin wins face-off versus Erik Haula in Little Stars zone.
19:49 of 3rd period - Nicklas Grossman is hit by Marcus Johansson.
Goals for this period are 0 for Knights vs 1 for Little Stars.
Shots for this period are 8 for Knights vs 7 for Little Stars.
Overtime #1
0:01 of 1st overtime period - Anthony Stewart wins face-off versus Zack Hamill in neutral zone.
0:15 of 1st overtime period - Icing by Anthony Stewart.
0:16 of 1st overtime period - Anthony Stewart wins face-off versus Zack Hamill in Little Stars zone.
0:58 of 1st overtime period - Snap shot by Zack Hamill.
0:58 of 1st overtime period - Shot Misses the Net.
1:14 of 1st overtime period - Slapshot by Raphael Diaz.
1:14 of 1st overtime period - Shot Blocked by Niklas Hjalmarsson.
1:18 of 1st overtime period - Slapshot by Raphael Diaz.
1:18 of 1st overtime period - Stopped by Jacob Markstrom without a rebound.
1:19 of 1st overtime period - Hugh Jessiman wins face-off versus Tyler Seguin in Knights zone.
1:24 of 1st overtime period - Slapshot by Justin Faulk.
1:24 of 1st overtime period - Deflect By Hugh Jessiman.
1:24 of 1st overtime period - Shot Misses the Net.
1:24 of 1st overtime period - Puck is out of play.
1:25 of 1st overtime period - Tyler Seguin wins face-off versus Hugh Jessiman in Knights zone.
1:32 of 1st overtime period - Hugh Jessiman is hit by Chris Thorburn and loses puck.
1:51 of 1st overtime period - Justin Faulk is hit by Garnet Exelby and loses puck.
2:06 of 1st overtime period - Wrist shot by James Wright.
2:06 of 1st overtime period - Shot Blocked by Landon Ferraro.
2:12 of 1st overtime period - Snap shot by Garnet Exelby.
2:12 of 1st overtime period - Shot Misses the Net.
2:14 of 1st overtime period - Snap shot by James Wright.
2:14 of 1st overtime period - Shot Misses the Net.
2:16 of 1st overtime period - Slapshot by Zbynek Michalek.
2:16 of 1st overtime period - Shot Blocked by Raphael Diaz.
2:28 of 1st overtime period - Zack Hamill is hit by Marcus Kruger and loses puck.
2:41 of 1st overtime period - Snap shot by Tyler Seguin.
2:41 of 1st overtime period - Stopped by Ben Scrivens without a rebound.
2:42 of 1st overtime period - Tyler Seguin wins face-off versus Hugh Jessiman in Little Stars zone.
2:43 of 1st overtime period - Slapshot by Chris Thorburn.
2:43 of 1st overtime period - Stopped by Ben Scrivens without a rebound.
2:44 of 1st overtime period - Anthony Stewart wins face-off versus Tyler Seguin in Little Stars zone.
3:09 of 1st overtime period - Snap shot by Chris Thorburn.
3:09 of 1st overtime period - Stopped by Ben Scrivens with a rebound.
3:31 of 1st overtime period - Snap shot by Alex Chiasson.
3:31 of 1st overtime period - Shot Misses the Net.
4:19 of 1st overtime period - Icing by Oscar Lindberg.
4:20 of 1st overtime period - Anthony Stewart wins face-off versus Tyler Seguin in Little Stars zone.
4:47 of 1st overtime period - Slapshot by Raphael Diaz.
4:47 of 1st overtime period - Stopped by Jacob Markstrom without a rebound.
4:48 of 1st overtime period - Zack Hamill wins face-off versus Anthony Stewart in Knights zone.
Goals for this period are 0 for Knights vs 0 for Little Stars.
Shots for this period are 3 for Knights vs 2 for Little Stars.
ShootOut
5:00 of 1st overtime period - Penalty Shot by Joe Colborne for Knights.
5:00 of 1st overtime period - Snap shot by Joe Colborne.
5:00 of 1st overtime period - Stopped by Ben Scrivens.
5:00 of 1st overtime period - Penalty Shot by Anthony Stewart for Little Stars.
5:00 of 1st overtime period - Deke by Anthony Stewart.
5:00 of 1st overtime period - Shot Misses the Net.
5:00 of 1st overtime period - Penalty Shot by Tyler Seguin for Knights.
5:00 of 1st overtime period - Wrist shot by Tyler Seguin.
5:00 of 1st overtime period - Goal by Tyler Seguin.
5:00 of 1st overtime period - Penalty Shot by Marcus Kruger for Little Stars.
5:00 of 1st overtime period - Snap shot by Marcus Kruger.
5:00 of 1st overtime period - Stopped by Jacob Markstrom.
5:00 of 1st overtime period - Penalty Shot by Jason Chimera for Knights.
5:00 of 1st overtime period - Wrist shot by Jason Chimera.
5:00 of 1st overtime period - Stopped by Ben Scrivens.
5:00 of 1st overtime period - Penalty Shot by Hugh Jessiman for Little Stars.
5:00 of 1st overtime period - Backhand shot by Hugh Jessiman.
5:00 of 1st overtime period - Goal by Hugh Jessiman.
5:00 of 1st overtime period - Penalty Shot by James Wright for Knights.
5:00 of 1st overtime period - Deke by James Wright.
5:00 of 1st overtime period - Stopped by Ben Scrivens.
5:00 of 1st overtime period - Penalty Shot by Sean Avery for Little Stars.
5:00 of 1st overtime period - Backhand shot by Sean Avery.
5:00 of 1st overtime period - Stopped by Jacob Markstrom.
5:00 of 1st overtime period - Penalty Shot by Zack Hamill for Knights.
5:00 of 1st overtime period - Snap shot by Zack Hamill.
5:00 of 1st overtime period - Stopped by Ben Scrivens.
5:00 of 1st overtime period - Penalty Shot by Marcus Johansson for Little Stars.
5:00 of 1st overtime period - Deke by Marcus Johansson.
5:00 of 1st overtime period - Stopped by Jacob Markstrom.
5:00 of 1st overtime period - Penalty Shot by Michael Raffl for Knights.
5:00 of 1st overtime period - Wrist shot by Michael Raffl.
5:00 of 1st overtime period - Goal by Michael Raffl.
5:00 of 1st overtime period - Penalty Shot by Alexander Vasyunov for Little Stars.
5:00 of 1st overtime period - Deke by Alexander Vasyunov.
5:00 of 1st overtime period - Stopped by Jacob Markstrom.
Back to the Top